Map: Ephemeron LE

Players

Kelazhur

  • Race: Terran Terran
  • League: Master
  • Spawn Location: 5:00

Special - Winner!

  • Race: Terran Terran
  • League: Master
  • Spawn Location: 11:00

Event: HomeStory Cup XX

VOD

Have the link to the VOD?

Description

Time

  • Played on: Nov. 22, 2019, 12:01 p.m.
  • Length: 11:40

All games in this series

Show
View Real Time Build Order
Export as new Build Order

Kelazhur Terran 

Build Orders:  

Get SALT Encoding   

  12  0:00  SCV  
  13  0:12  SCV  
  14  0:17  Supply Depot  
  14  0:25  SCV  
  15  0:38  SCV  
  15  0:40  Barracks  
  16  0:44  Refinery  
  16  0:50  SCV  
  17  0:59  Barracks  
  17  1:03  SCV  
  18  1:15  SCV  
  19  1:28  Orbital Command, Reaper  
  20  1:36  Supply Depot  
  20  1:45  Refinery  
  20  1:47  Reaper  
  20  1:53  SCV  
  22  2:03  Reaper  
  22  2:05  SCV  
  24  2:17  SCV  
  25  2:23  Command Center  
  25  2:29  SCV  
  26  2:30  Marine  
  26  2:35  Marine  
  28  2:40  Bunker  
  28  2:42  SCV  
  29  2:48  Factory  
  29  2:54  SCV  
  30  3:02  Supply Depot  
  30  3:06  SCV  
  30  3:14  Marine  
  30  3:17  Barracks Tech Lab  
  30  3:18  SCV  
  30  3:32  Marine  
  31  3:39  Stimpack  
  31  3:41  Marauder  
  33  3:42  Hellion  
  33  3:43  SCV  
  33  3:46  Orbital Command  
  34  3:52  Marine  
  34  3:55  SCV  
  31  4:07  SCV  
  32  4:14  Barracks Reactor  
  33  4:17  Starport, SCV  
  33  4:19  Marine, SCV  
  35  4:25  Factory Tech Lab  
  35  4:29  SCV  
  35  4:31  SCV  
  37  4:42  SCV  
  37  4:43  SCV  
  37  4:45  Marine  
  40  4:46  Siege Tank  
  40  4:52  Marine x2  
  45  4:54  SCV  
  45  4:55  SCV  
  45  4:57  Medivac, Supply Depot  
  49  5:06  SCV  
  49  5:07  Marine, SCV  
  50  5:09  Marine  
  50  5:10  Marine  
  50  5:13  Supply Depot  
  54  5:19  Siege Tank, SCV x2  
  59  5:27  Marine  
  59  5:28  Marine x2  
  61  5:29  Supply Depot  
  61  5:35  SCV  
  62  5:36  SCV  
  62  5:40  Combat Shield  
  59  5:44  Marine  
  59  5:45  Marine  
  59  5:46  Marine  
  59  5:47  SCV  
  59  5:48  SCV  
  61  5:59  SCV  
  61  6:01  SCV  
  61  6:02  Marine  
  61  6:03  Marine  
  61  6:04  Marine  
  62  6:10  Medivac, Siege Tank  
  65  6:12  SCV  
  65  6:17  SCV  
  67  6:20  Marine  
  67  6:21  Marine  
  67  6:25  SCV  
  70  6:26  Marine  
  70  6:31  SCV  
  72  6:38  Marine  
  73  6:40  Marine  
  73  6:43  SCV  
  75  6:50  SCV  
  75  6:51  Refinery, Supply Depot  
  75  6:52  Refinery  
  75  6:53  Supply Depot  
  76  6:54  Command Center  
  76  6:55  SCV  
  77  7:03  Engineering Bay, SCV  
  77  7:04  Engineering Bay  
  78  7:11  Starport Reactor  
  78  7:12  SCV  
  78  7:14  Marine  
  78  7:15  Marine, SCV  
  81  7:22  Marine  
  82  7:24  SCV  
  82  7:27  SCV  
  84  7:33  Marine  
  84  7:34  Marine  
  84  7:36  SCV  
  87  7:38  Siege Tank  
  87  7:40  Marine  
  87  7:42  Terran Infantry Weapons Level 1, Barracks  
  91  7:44  Barracks  
  91  7:45  SCV, Barracks  
  91  7:48  SCV  
  93  7:52  Supply Depot  
  93  8:02  Marine  
  94  8:06  Marine x2  
  94  8:12  Orbital Command  
  93  8:13  SCV x2  
  95  8:20  Marine  
  95  8:23  Marine  
  95  8:24  Marine  
  95  8:25  SCV x2  
  95  8:26  Medivac  
  95  8:27  Medivac  
  102  8:30  Siege Tank  
  105  8:37  Barracks Reactor x2  
  105  8:38  Marine, Terran Infantry Armor Level 1  
  106  8:41  Marine x2, SCV  
  109  8:50  Marine  
  109  8:52  SCV  
  109  8:54  SCV  
  112  8:55  Marine  
  112  8:58  Supply Depot  
  112  8:59  Marine  
  112  9:00  Armory  
  112  9:02  Marine  
  115  9:05  SCV  
  115  9:06  SCV  
  114  9:10  Barracks Reactor  
  114  9:11  Siege Tank  
  117  9:19  Marine x2  
  117  9:20  Medivac x2, SCV x2  
  117  9:23  Refinery  
  125  9:24  Sensor Tower  
  125  9:26  Supply Depot  
  125  9:28  Marine x2, Supply Depot  
  127  9:32  SCV x2  
  127  9:37  Marine  
  127  9:38  Marine x4  
  133  9:47  Marine x2, Siege Tank, SCV  
  138  9:55  Marine x3  
  141  10:02  Marine x3  
  141  10:04  SCV x2  
  141  10:05  Supply Depot  
  146  10:07  Factory  
  146  10:11  Medivac, Command Center  
  147  10:20  Marine x2  
  149  10:27  Marine x7  
  156  10:37  Marine  
  156  10:38  Marine  
  152  10:44  Marine x5  
  157  11:00  Supply Depot  
  157  11:09  Marine  
  157  11:10  Marine x2  
  157  11:11  Marine x2  
  157  11:12  Marine x4  
  157  11:16  SCV x2  
Show
View Real Time Build Order
Export as new Build Order

Special Terran - Winner!

Build Orders: Liberator Opening 

Get SALT Encoding   

  12  0:00  SCV  
  13  0:12  SCV  
  14  0:17  Supply Depot  
  14  0:25  SCV  
  14  0:27  Refinery  
  15  0:39  SCV  
  16  0:45  Barracks  
  16  0:51  SCV  
  16  0:54  Refinery  
  17  1:03  SCV  
  18  1:15  SCV  
  19  1:32  Orbital Command, Reaper  
  20  1:38  Factory  
  20  1:52  Supply Depot  
  20  1:58  SCV  
  21  2:04  Reaper  
  22  2:10  SCV  
  23  2:22  SCV  
  24  2:24  Hellion  
  26  2:33  Command Center  
  26  2:35  SCV  
  27  2:38  Reaper  
  27  2:43  Supply Depot  
  28  2:49  Hellion  
  30  2:53  SCV  
  31  3:01  Starport  
  31  3:05  SCV  
  32  3:15  Factory Tech Lab, Barracks Reactor  
  32  3:17  SCV  
  32  3:29  Refinery, SCV  
  33  3:35  Siege Tank  
  36  3:41  SCV  
  36  3:48  Liberator, Orbital Command  
  37  3:53  SCV  
  37  3:54  Marine x2  
  40  4:05  SCV  
  44  4:11  Marine x2  
  44  4:14  SCV  
  43  4:17  Siege Tank, SCV  
  43  4:22  Supply Depot  
  47  4:26  SCV  
  47  4:29  Marine x2  
  47  4:30  SCV  
  51  4:38  SCV  
  52  4:42  SCV  
  53  4:47  Marine x2, Supply Depot  
  53  4:48  Medivac  
  53  4:49  Siege Tank  
  53  4:50  SCV  
  61  4:54  SCV  
  62  5:08  Marine x2, SCV x2  
  62  5:11  Supply Depot  
  66  5:14  Command Center  
  66  5:20  Starport Tech Lab  
  66  5:21  SCV  
  67  5:24  Siege Tank  
  67  5:26  Marine x2  
  70  5:33  SCV x2  
  72  5:39  Raven  
  73  5:44  Marine x2  
  73  5:45  SCV x2  
  70  5:57  SCV x2  
  70  5:58  Barracks  
  70  6:00  Siege Tank, Barracks  
  70  6:02  Marine  
  70  6:03  Marine  
  71  6:09  SCV  
  72  6:11  Refinery  
  72  6:12  Engineering Bay  
  72  6:13  Engineering Bay  
  69  6:21  Bunker  
  69  6:22  SCV  
  71  6:26  Orbital Command  
  71  6:30  Supply Depot, SCV  
  71  6:31  Starport Reactor  
  74  6:32  Siege Tank  
  74  6:34  Marine  
  74  6:39  Terran Infantry Weapons Level 1, SCV  
  76  6:40  Terran Infantry Armor Level 1  
  76  6:43  Missile Turret  
  71  6:51  SCV  
  71  6:52  Marine, Barracks Reactor, Barracks  
  73  6:54  Barracks  
  73  6:57  Marine x2  
  75  7:02  Orbital Command  
  75  7:04  Siege Tank  
  75  7:05  Supply Depot, Missile Turret  
  75  7:07  SCV x2  
  80  7:09  Medivac  
  80  7:10  Marine  
  80  7:13  Medivac  
  80  7:14  Marine  
  80  7:15  Marine  
  87  7:19  SCV x2  
  87  7:20  Supply Depot  
  88  7:26  Liberator  
  88  7:28  Marine  
  88  7:29  Missile Turret  
  90  7:31  Marine, Orbital Command  
  90  7:32  Marine x2  
  90  7:37  Siege Tank  
  92  7:42  Medivac  
  96  7:46  Marine  
  96  7:49  Marine  
  96  7:50  Marine x2  
  100  7:51  Barracks Tech Lab, Barracks Reactor  
  100  7:52  Barracks Tech Lab  
  100  7:55  SCV x2  
  102  8:04  Marine  
  103  8:07  Marine  
  103  8:08  Marine x2  
  103  8:10  Marine  
  103  8:11  Combat Shield, Stimpack  
  103  8:12  Viking  
  108  8:18  Supply Depot  
  108  8:19  Armory  
  108  8:21  Marine  
  108  8:25  Marine  
  108  8:26  Marine x2  
  104  8:28  Marine  
  104  8:32  SCV x2  
  107  8:34  Medivac  
  107  8:37  Marine x3  
  107  8:39  Marine  
  113  8:42  Marine, Medivac  
  113  8:44  Marine x2  
  113  8:46  Marine  
  113  8:47  Supply Depot  
  113  8:48  Supply Depot, Orbital Command  
  119  8:53  Siege Tank  
  119  8:54  Marine  
  119  8:55  Marine  
  124  8:57  Marine  
  124  8:58  SCV x2  
  124  9:00  Marine  
  124  9:01  Marine x2  
  130  9:05  Sensor Tower  
  130  9:07  Marine  
  130  9:08  Marine  
  129  9:10  SCV  
  129  9:12  Marine x2  
  132  9:18  Marine  
  132  9:20  Marine x2  
  132  9:21  Marine  
  132  9:23  Medivac  
  132  9:24  Medivac  
  140  9:25  Marine, Siege Tank  
  140  9:26  Marine  
  140  9:30  Refinery x2  
  140  9:31  Marine, Supply Depot  
  146  9:42  SCV  
  146  9:43  SCV  
  146  9:47  Marine  
  146  9:49  Marine x2  
  146  9:50  Marine x5  
  153  9:56  Medivac x2  
  153  9:57  Siege Tank  
  153  9:58  Supply Depot x2  
  159  10:02  Supply Depot  
  159  10:04  Marine  
  160  10:07  Marine x2  
  160  10:12  Marine  
  160  10:13  Marine x2  
  165  10:19  Marine  
  165  10:21  Supply Depot  
  166  10:22  Command Center  
  166  10:23  Factory  
  166  10:24  Barracks Reactor  
  166  10:30  Marine  
  166  10:34  Marine x3  
  170  10:40  Siege Tank  
  173  10:45  Marine  
  173  10:51  Marine  
  173  10:54  Marine  
  175  11:04  Marine x4  
  175  11:06  Marine  
  175  11:07  Marine x2  
  175  11:09  Marine  
  183  11:12  Marine  
  189  11:22  Marine x4  
Tags
 
Add a new tag
Caveats
  • Supply blocks, unpowered buildings, or Contaminate may cause inaccurate times.
  • Supply counts are checked every 10 seconds.